cohdb
Replays
Latest Replays
All Replays
Popular Replays
Top Player Replays
Match Explorer
How It Works
Community
CoH3 Stats
Reddit
Sign in to upload your games and track your stats! →
Sign in with Steam
Match 46489260
Unlisted
Match 46489260
Overview
Messages
Build Orders
End
Construct Weapon Support Center
Scout Squad
M1919 Machine Gun Team
M1919 Machine Gun Team
Engineer Squad
Mechanized Support Center
M3 Armored Personnel Carrier
Construct Medical Station
Selects Heavy Weapons
Selects Assault Carriers
Construct Barracks
Dr. Jekyll
PutPut-AusarTheVile
Angrybirds
Demi
0
0
Comments
sign in to comment!
No comments posted yet!